 Dungeon Crawl Stone Soup version 0.30-b1-2-g02819fbbbe (webtiles) character file.

Game seed: 3489076710751054944

11008 decrepitude the Basher (level 11, -2/154 HPs)
             Began as a Naga Warper on May 19, 2023.
             Was an Elder of Cheibriados.
             Slain by an orc knight
             ... wielding a +0 long sword
              (3 damage)
             ... on level 10 of the Dungeon.
             The game lasted 00:28:08 (13659 turns).

decrepitude the Basher (Naga Warper)               Turns: 13659, Time: 00:28:08

Health: -2/154     AC: 13    Str: 28    XL:     11   Next: 71%
Magic:  4/32       EV: 15    Int: 25    God:    Cheibriados [****..]
Gold:   493        SH:  5    Dex: 19    Spells: 7/26 levels left

rFire   + . .        k - +3 dire flail
rCold   + . .        (shield currently unavailable)
rNeg    + . .        H - +5 leather armour of the Archfiend {rN+ MP+9 Int+3}
rPois   +            y - +0 helmet
rElec   +            j - +0 cloak
rCorr   +            (no gloves)
SInv    +            (no barding)
Will    +....        i - amulet of reflection Stlth
                     M - +5 ring of evasion
HPRegen 0.45/turn    (no ring)
MPRegen 0.23/turn

%: reflection
@: mighty, berserking, resistant, very slow
A: AC +3, large, see invisible, deformed body, poison resistance, slowness 2,
spit poison 1, naga tail 1
a: Spit Poison, Renounce Religion, Bend Time, Temporal Distortion, Slouch


You were on level 10 of the Dungeon.
You worshipped Cheibriados.
Cheibriados was greatly pleased with you.
You visited 2 branches of the dungeon, and saw 11 of its levels.

You collected 493 gold pieces.

Inventory:

Hand Weapons
 k - a +3 dire flail (weapon)
 m - a +2 whip of draining
 F - a +1 whip of freezing
Missiles
 d - a boomerang of dispersal
 e - 2 poisoned darts
 B - a boomerang
Armour
 a - a scarf of harm
 j - a +0 cloak (worn)
 o - a +3 scale mail of cold resistance
 y - a +0 helmet (worn)
 H - the +5 leather armour of the Archfiend (worn) {rN+ MP+9 Int+3}
   (You found it on level 7 of the Dungeon)

   Int:       It affects your intelligence (+3).
   rN:        It protects you from negative energy.
   MP:        It affects your magic capacity (+9).
Jewellery
 i - an amulet of reflection (around neck)
 p - an amulet of regeneration
 A - a ring of fire
 M - a +5 ring of evasion (left hand)
Wands
 n - a wand of flame (10)
 s - a wand of iceblast (6)
 u - a wand of mindburst (23)
 E - a wand of quicksilver (17)
 I - a wand of digging (6)
 L - a wand of polymorph (8)
Scrolls
 b - a scroll of immolation {unknown}
 f - a scroll of teleportation
 l - 5 scrolls of vulnerability
 t - a scroll of torment
 v - a scroll of enchant weapon
 x - 2 scrolls of fear {unknown}
 D - a scroll of amnesia {unknown}
 G - a scroll of acquirement {unknown}
 N - a scroll of enchant armour {unknown}
Potions
 h - a potion of curing
 q - 4 potions of might
 w - 3 potions of ambrosia
 C - 2 potions of lignification
 J - 4 potions of mutation {unknown}
 K - a potion of invisibility {unknown}


   Skills:
 + Level 8.0 Fighting
 + Level 9.9 Maces & Flails
 - Level 1.0 Throwing
 - Level 4.0 Armour
 - Level 1.5 Dodging
 - Level 8.0 Spellcasting
 - Level 8.5 Translocations
 - Level 2.0 Air Magic
 - Level 5.0 Poison Magic
 - Level 2.0 Evocations


You had 7 spell levels left.
You knew the following spells:

 Your Spells              Type           Power      Damage    Failure   Level
a - Manifold Assault      Tloc           51%        N/A       1%          4
b - Blink                 Tloc           100%       N/A       1%          2
c - Vhi's Electric Charg  Tloc/Air       72%        N/A       2%          3
e - Passage of Golubria   Tloc           51%        N/A       1%          4
l - Lesser Beckoning      Tloc           100%       N/A       1%          2
o - Olgreb's Toxic Radia  Pois           35%        N/A       9%          4

Your spell library contained the following spells:

 Spells                   Type           Power      Damage    Failure   Level
 Teleport Other           Tloc           51%        N/A       1%          3
 Sting                    Tmut/Pois      88%        1d7       2%          1
 Poisonous Vapours        Pois/Air       54%        N/A       2%          2
 Shock                    Conj/Air       60%        1d6       4%          1
 Foxfire                  Conj/Fire      40%        2x1d6     7%          1
 Swiftness                Air            20%        N/A       9%          3
 Frozen Ramparts          Ice            20%        1d4       21%         3
 Tukima's Dance           Hex            10%        N/A       21%         3
 Airstrike                Air            10%        2d(2-18)  28%         4
 Ice Form                 Ice/Tmut       10%        N/A       54%         4
 Summon Ice Beast         Ice/Summ       10%        N/A       54%         4
 Fireball                 Conj/Fire      5%         3d5       88%         5
 Yara's Violent Unravell  Hex/Tmut       5%         3d4       88%         5
 Plasma Beam              Fire/Air       7%         2x1d20    100%        6
 Starburst                Conj/Fire      5%         6d4       100%        6


Dungeon Overview and Level Annotations

Branches:
Dungeon (10/15) Zot: 38737  Temple (1/1) D:5 Zot: 8894
   Lair: D:8-11         Orc: D:9-12

Altars:
Ashenzari
Cheibriados
Dithmenos
Elyvilon
Fedhas
Gozag
Hepliaklqana
Kikubaaqudgha
Makhleb
Nemelex Xobeh
Okawaru
Qazlal
Ru
Sif Muna
Trog
Uskayaw
Vehumet
Wu Jian
Xom
Yredelemnul
Zin
The Shining One

Shops:
D:7 [

Annotations:
D:10 Fannar


Innate Abilities, Weirdness & Mutations

Your serpentine skin is tough. (AC +3)
You have supernaturally acute eyesight. (SInv)
Armour fits poorly on your strangely shaped body.
Your system is resistant to poisons. (rPois)
You cover ground very slowly.
You can spit poison.
You have a snake-like lower body.


Message History

Unknown command.
You closely miss the troll.
The troll is moderately wounded.
The yak gores you!
* * * LOW HITPOINT WARNING * * *
The troll bites you!
* * * LOW HITPOINT WARNING * * *
The troll claws you but does no damage. x2
Unknown command.
You take 17 damage, and have 19/154 hp.
Unknown command.
You hit the yak.
The yak is almost dead.
The yak closely misses you. The troll bites you but does no damage.
You block the troll's attack. The troll claws you!
* * * LOW HITPOINT WARNING * * *
You take 10 damage, and have 9/154 hp.
Unknown command.
Unknown command.
You are too berserk!
Unknown command.
You hit the yak.
You kill the yak!
Cheibriados thoroughly appreciates the change of pace.
The troll barely misses you. The troll misses you.
The troll closely misses you.
Unknown command.
Unknown command.
You sock the troll!
The troll is severely wounded.
The orc knight closely misses you.
Unknown command.
Unknown command.
You puncture the troll!
The troll is almost dead.
You block the troll's attack. The troll claws you!
* * * LOW HITPOINT WARNING * * *
The troll misses you.
The orc knight hits you with a +0 long sword.
You die...

##.# ...
#######.#######
..
#..............
..
#.#....######..
#. #..........)
#.##...##......
#..#...##......
#..........o..
##@.#.... ...
#To#.... ..
#)†#......# ...
#..#......##...
#..#}..........
#††######....#)
#.†...§........
#....Y.........
#....YYK)....K.


You could see an orc knight (poisoned) and a troll.

Vanquished Creatures
  A catoblepas (D:10)
  A hydra (D:10)
  Pikel (D:6)
  A manticore (D:8)
  An efreet (D:10)
  A yaktaur (D:10)
  2 trolls (D:10)
  A hornet (D:10)
  Prince Ribbit (D:8)
  11 yaks (D:10)
  5 humans (D:7)
  2 acid dragons
  A water moccasin (D:7)
  Duvessa (D:6)
  3 sky beasts
  2 orc warriors (D:9)
  A black bear (D:5)
  An ice beast (D:6)
  7 centaurs
  A lemure (D:5)
  A phantom (D:6)
  A kobold brigand (D:10)
  Blork the orc (D:4)
  3 bullfrogs
  3 gnoll sergeants
  3 scorpions
  21 wights
  Dowan (D:6)
  15 killer bees
  2 howler monkeys (D:7)
  3 jellies
  3 orc priests
  6 hounds
  A gnoll bouda (D:5)
  A sleepcap (D:6)
  Ijyb (D:5)
  8 orc wizards
  14 gnolls
  4 adders
  4 shadow imps
  An ufetubus (D:5)
  3 worms
  A dart slug (D:1)
  31 orcs
  6 bats
  12 endoplasms
  5 giant cockroaches
  6 goblins
  8 hobgoblins
  3 jackals (D:2)
  11 kobolds
  2 quokkas
  6 ball pythons
  2 frilled lizards (D:1)
  8 rats
246 creatures vanquished.

Vanquished Creatures (others)
  A yak (D:10)
  A kobold (D:10)
2 creatures vanquished.

Grand Total: 248 creatures vanquished

Notes
Turn   | Place    | Note
-------+----------+-------------------------------------------
     0 | D:1      | decrepitude the Naga Warper began the quest for the Orb.
     0 | D:1      | Reached XP level 1. HP: 19/19 MP: 3/3
   153 | D:1      | Reached XP level 2. HP: 26/26 MP: 5/5
   281 | D:1      | Reached skill level 3 in Maces & Flails
   287 | D:1      | Learned a level 2 spell: Blink
   290 | D:1      | Learned a level 2 spell: Lesser Beckoning
   441 | D:1      | Reached XP level 3. HP: 32/32 MP: 6/6
  1000 | D:2      | Reached skill level 4 in Maces & Flails
  1089 | D:2      | Reached XP level 4. HP: 37/39 MP: 7/7
  1712 | D:3      | Found a stormy altar of Qazlal.
  1959 | D:3      | Reached skill level 5 in Maces & Flails
  2004 | D:3      | Reached XP level 5. HP: 45/45 MP: 8/8
  2011 | D:3      | Learned a level 3 spell: Vhi's Electric Charge
  2140 | D:3      | Found a basalt altar of Yredelemnul.
  2283 | D:3      | Found a sparkling altar of Nemelex Xobeh.
  2411 | D:3      | Found a glowing silver altar of Zin.
  2460 | D:4      | Reached skill level 1 in Throwing
  2540 | D:4      | Noticed Blork the orc
  2548 | D:4      | Killed Blork the orc
  2913 | D:4      | Found a sparkling altar of Nemelex Xobeh.
  2916 | D:4      | Found a glowing silver altar of Zin.
  2916 | D:4      | Found a stormy altar of Qazlal.
  2918 | D:4      | Found a snail-covered altar of Cheibriados.
  2918 | D:4      | Found a shimmering altar of Xom.
  2918 | D:4      | Found a shimmering altar of Xom.
  2989 | D:5      | Entered Level 5 of the Dungeon
  2993 | D:5      | Noticed Ijyb
  3007 | D:5      | Killed Ijyb
  3093 | D:4      | Reached XP level 6. HP: 52/52 MP: 10/10
  3548 | D:6      | Reached skill level 6 in Maces & Flails
  3568 | D:6      | Reached XP level 7. HP: 42/60 MP: 11/13
  4044 | D:5      | Noticed Pikel
  4180 | D:6      | Reached skill level 5 in Spellcasting
  4430 | D:6      | Found an ancient bone altar of Kikubaaqudgha.
  4566 | D:6      | Reached XP level 8. HP: 66/66 MP: 12/15
  4588 | D:6      | Noticed Dowan
  4792 | D:6      | Reached skill level 5 in Translocations
  4795 | D:6      | Killed Pikel
  5075 | D:5      | Learned a level 4 spell: Manifold Assault
  5141 | D:5      | Found a staircase to the Ecumenical Temple.
  5147 | Temple   | Entered the Ecumenical Temple
  5147 | Temple   | Found a transporter.
  5147 | Temple   | Found a transporter.
  5149 | Temple   | Found a transporter.
  5149 | Temple   | Found a transporter.
  5186 | Temple   | Became a worshipper of Cheibriados the Contemplative
  5263 | D:6      | Noticed Duvessa
  5272 | D:6      | Killed Duvessa
  5273 | D:6      | Reached skill level 1 in Air Magic
  5273 | D:6      | Reached XP level 9. HP: 75/78 MP: 4/18
  5368 | D:6      | Killed Dowan
  5525 | D:5      | Reached skill level 7 in Maces & Flails
  5914 | D:6      | Reached skill level 1 in Evocations
  6958 | D:6      | Found a hazy altar of Hepliaklqana.
  7064 | D:7      | Found Etamekla's Armour Emporium.
  7240 | D:7      | Reached * piety under Cheibriados
  7259 | D:7      | Reached skill level 5 in Fighting
  7875 | D:7      | Reached skill level 8 in Maces & Flails
  8007 | D:7      | Identified the +5 leather armour of the Archfiend {rN+ MP+9
                  | Int+3}
  8085 | D:7      | Reached skill level 1 in Armour
  8592 | D:7      | Reached XP level 10. HP: 76/91 MP: 19/19
  9596 | D:8      | Reached ** piety under Cheibriados
  9849 | D:8      | Noticed Prince Ribbit
  9864 | D:8      | Killed Prince Ribbit
 10076 | D:8      | Found an iron altar of Okawaru.
 10076 | D:8      | Noticed a manticore
 10083 | D:8      | Killed a manticore
 11320 | D:9      | Found a burning altar of Makhleb.
 11565 | D:9      | Noticed an unseen horror
 11636 | D:9      | Reached skill level 9 in Maces & Flails
 11777 | D:9      | Reached *** piety under Cheibriados
 11784 | D:9      | Learned a level 4 spell: Olgreb's Toxic Radiance
 11789 | D:9      | Learned a level 4 spell: Passage of Golubria
 11984 | D:9      | Reached skill level 1 in Poison Magic
 12114 | D:9      | Reached XP level 11. HP: 100/100 MP: 21/21
 12266 | D:10     | Entered Level 10 of the Dungeon
 12670 | D:10     | Noticed an orc knight
 12674 | D:10     | Noticed an orc knight
 13019 | D:10     | Reached **** piety under Cheibriados
 13383 | D:10     | Noticed a six-headed hydra
 13392 | D:10     | Killed a six-headed hydra
 13620 | D:10     | Noticed Fannar
 13629 | D:10     | Noticed a catoblepas
 13645 | D:10     | Killed a catoblepas
 13652 | D:10     | Reached skill level 5 in Poison Magic
 13659 | D:10     | HP: 1/154 [troll (10)]
 13659 | D:10     | Slain by an orc knight

Illustrated notes

Levels and vault maps discovered:
D:1:      psy_arrival_statuary, layout_basic, serial_curves, eino_curves_04,
          eino_curves_02, minmay_pentomino_r4
D:2:      layout_loops_cross
D:3:      layout_loops_ring, lemuel_coloured_pillars_altar,
          mainiacjoe_overflow_swirl, old_standard_altar, minmay_hedge_maze,
          minmay_guardbox
D:4:      layout_cave_pools, doesnt_xom_only_xom, uniq_blork_the_orc
D:5:      layout_gridville, minmay_temple_entry_enclosed_plants, uniq_pikel,
          uniq_ijyb
D:6:      nicolae_whirlpool, layout_rooms, nzn_hepliaklqana_mist_gate,
          lemuel_tele_altar, nrook_campfire, grunt_ministairs_8,
          minmay_misc_feat_tiny, uniq_duvessa
D:7:      layout_basic, serial_shops, shop, minmay_ruffians
D:8:      layout_loops_corners, mainiacjoe_overflow_alcove_2,
          uniq_prince_ribbit1
D:9:      nicolae_cairo_tiling_large, layout_rooms,
          mainiacjoe_overflow_boulevard, serial_glass, glass_columns_a,
          glass_columns_b, glass_columns_b, glass_columns_a, glass_columns_b,
          glass_columns_a, item_on_display_a, unseen_surprise_small,
          item_on_display_a
D:10:     minmay_cut_squares, layout_basic, uniq_fannar
Temple:   hellmonk_temple_divided_pantheon

Skill      XL: |  1  2  3  4  5  6  7  8  9 10 11 |
---------------+----------------------------------+-----
Maces & Flails | 3 4 5 6 8 9 |  9.9
Throwing       | 1 |  1.0
Spellcasting   | 4 5 6 7 8 |  8.0
Translocations | 4 5 7 8 |  8.5
Fighting       | 3 5 7 8 |  8.0
Air Magic      | 1 2 |  2.0
Evocations     | 2 |  2.0
Armour         | 1 3 4 |  4.0
Poison Magic   | 1 5 |  5.0
Dodging        | |  1.5

Action                     |  1- 3 |  4- 6 |  7- 9 | 10-12 || total
---------------------------+-------+-------+-------+-------++-------
  Melee: Mace              |    75 |    21 |       |       ||    96
         Punch             |     1 |       |     1 |       ||     2
         Whip              |       |   127 |   322 |       ||   449
         Dire flail        |       |       |    54 |   344 ||   398
  Throw: Boomerang         |     5 |       |     6 |       ||    11
         Dart              |       |     3 |    11 |     6 ||    20
   Cast: Blink             |       |     1 |     8 |     4 ||    13
         Vhi's Electric Ch |       |       |    11 |     7 ||    18
         Manifold Assault  |       |       |    65 |   112 ||   177
         Lesser Beckoning  |       |       |     1 |     1 ||     2
         Olgreb's Toxic Ra |       |       |       |     9 ||     9
         Passage of Golubr |       |       |       |     1 ||     1
Ability: Spit Poison       |    21 |    45 |    18 |     3 ||    87
  Evoke: Wand              |       |     4 |     6 |     3 ||    13
    Use: Scroll            |       |     7 |     8 |     5 ||    20
         Potion            |       |       |     3 |     8 ||    11
   Stab: Sleeping          |       |       |       |     1 ||     1
 Armour: Leather armour    |    23 |    30 |    69 |    82 ||   204
  Dodge: Dodged            |    58 |    60 |    96 |   157 ||   371
  Block: Other             |       |    24 |    71 |    50 ||   145
         Reflection        |       |     2 |    12 |     3 ||    17
